 Dungeon Crawl Stone Soup version 0.31-a0-188-g5e087ee2ca (webtiles) character file.

Game seed: 17483011061761381416

1399 qw the Skirmisher (level 8, -2/48 HPs)
             Began as a Deep Elf Hunter on June 23, 2023.
             Was an Initiate of Okawaru.
             Shot with an arrow by a centaur (9 damage)
             ... on level 6 of the Dungeon.
             The game lasted 00:02:13 (5782 turns).

qw the Skirmisher (Deep Elf Hunter)                 Turns: 5782, Time: 00:02:13

Health: -2/48      AC:  6    Str:  6    XL:     8   Next: 41%
Magic:  10/10      EV: 16    Int: 15    God:    Okawaru [......]
Gold:   398        SH:  0    Dex: 20    Spells: 7/7 levels left

rFire   + . .        Y - +1 shortbow
rCold   . . .        (shield currently unavailable)
rNeg    . . .        g - +0 ring mail
rPois   .            (no helmet)
rElec   .            (no cloak)
rCorr   .            k - +0 pair of gloves
SInv    .            (no boots)
Will    .....        l - amulet of faith
Stlth   +            f - +5 ring of evasion
HPRegen 0.28/turn    d - ring of protection from fire
MPRegen 0.12/turn

%: faith
@: about to teleport
A: talons 1, weak 1, no potion heal 1
a: Renounce Religion


You were on level 6 of the Dungeon.
You worshipped Okawaru.
Okawaru was noncommittal.
You visited 2 branches of the dungeon, and saw 8 of its levels.

You collected 398 gold pieces.


Innate Abilities, Weirdness & Mutations

You have sharp toenails.
You are weak. (Str -2)
Potions are less effective at restoring your health.


   Skills:
 - Level 3.7 Fighting
 + Level 12.7 Ranged Weapons
 - Level 1.0 Armour
 - Level 3.9 Dodging
 - Level 1.2 Stealth


You had 7 spell levels left.
You didn't know any spells.
Your spell library was empty.

Inventory:

Hand Weapons
 Y - a +1 shortbow (weapon)
Armour
 g - a +0 ring mail (worn)
 k - a +0 pair of gloves (worn)
Jewellery
 a - a +6 ring of strength
 c - a ring of fire
 d - a ring of protection from fire (right hand)
 f - a +5 ring of evasion (left hand)
 l - an amulet of faith (around neck)
Wands
 n - a wand of digging (1)
Scrolls
 h - a scroll of identify
 i - a scroll of teleportation
Potions
 b - a potion of might
 e - a potion of curing
 j - a potion of heal wounds {unknown}
 m - a potion of enlightenment {unknown}
 o - a potion of haste {unknown}

Dungeon Overview and Level Annotations

Branches:
Dungeon (7/15)             Temple (1/1) D:4

Altars:
Ashenzari
Cheibriados
Elyvilon
Fedhas
Gozag
Hepliaklqana
Nemelex Xobeh
Okawaru
Qazlal
Sif Muna
Trog
Uskayaw
Vehumet
Wu Jian
Xom
Zin
The Shining One

Shops:
D:4 (   D:6 :

Annotations:
D:6 1 runed translucent door, qw's ghost, novice NaHu


Message History

HP restored.
A centaur is nearby!
Enter note:
Enter note:
Enter note:
Enter note:
Enter note:
Enter note:
Enter note:
Enter note:
Enter note:
Enter note:
Enter note:
Enter note: You shoot an arrow.
The centaur shouts!
The arrow hits the centaur.
The centaur is lightly wounded.
The centaur wields a +0 shortbow.
The centaur shoots an arrow.
The arrow barely misses you.
You shoot an arrow. The arrow barely misses the centaur.
The centaur shoots an arrow.
The arrow misses you.
The centaur shoots an arrow.
The arrow hits you.
You shoot an arrow. The arrow hits the centaur.
The centaur is lightly wounded.
You shoot an arrow. The arrow hits the centaur.
The centaur is moderately wounded.
The centaur shoots an arrow.
The arrow hits you!
The centaur shoots an arrow.
The arrow hits you!
You shoot an arrow. The arrow hits the centaur.
The centaur is heavily wounded.
The centaur shoots an arrow.
The arrow hits you!
5781 ||| READING 2 scrolls of teleportation.
As you read the scroll of teleportation, it crumbles to dust.
You feel strangely unstable.
The centaur shoots an arrow.
The arrow hits you.
You shoot an arrow. The arrow hits the centaur!
The centaur is almost dead.
The centaur shoots an arrow.
The arrow hits you!
You die...

'........#######'######'##.......
###.####'# #........##......#....
# #.# #.# #........##...........
# #.# #.# #........##.....######
# #.# #.# #####'######.....<#
###.####.# #c###########.##
'......#[# #.#............###
######.#.# #.#.##########...#
..####.#.# #@#.# #...........
.......#.# #.#.# #.########.#
#.######.# #.#.# #.# #.#
#.######.#######.#.###.########.#
#.............................#.#
...~~~~..~~~~.._..~~~~..~~~~....#
#...............................#
.......#.#.......#.###.########.#
######.#.#.......#.# #.# #.#


You could see a centaur.

Vanquished Creatures
  Grinder (D:3)
  A steam dragon (D:6)
  4 black bears
  A scorpion (D:5)
  2 jellies
  2 hounds
  An orc priest (D:4)
  Terence (D:3)
  3 iguanas
  3 orc wizards (D:5)
  8 gnolls
  9 adders
  A white imp (D:5)
  2 worms
  2 dart slugs
  18 orcs
  5 ball pythons
  6 bats
  8 endoplasms
  3 giant cockroaches
  2 goblins
  15 hobgoblins
  8 jackals
  8 kobolds
  7 quokkas
  4 frilled lizards
  2 rats
127 creatures vanquished.

Notes
Turn   | Place    | Note
-------+----------+-------------------------------------------
     0 | D:1      | qw the Deep Elf Hunter began the quest for the Orb.
     0 | D:1      | Reached XP level 1. HP: 12/12 MP: 3/3
     0 | D:1      | 0 ||| qw: Version: 0.3-a-9-g12657ce
     0 | D:1      | 0 ||| qw: Game counter: 4215
     0 | D:1      | 0 ||| qw: Always use a shield: true
     0 | D:1      | 0 ||| qw: God list: Okawaru
     0 | D:1      | 0 ||| qw: Allow faded altars: false
     0 | D:1      | 0 ||| qw: Do Orc after D:15 true
     0 | D:1      | 0 ||| qw: Do second Lair branch before Depths: true
     0 | D:1      | 0 ||| qw: Lair rune preference: random
     0 | D:1      | 0 ||| qw: Plans: Normal
     0 | D:1      | 0 ||| PLANNING D:1-11
     4 | D:1      | 4 ||| Stepping ~*~*~tactically~*~*~ (water).
     6 | D:1      | 6 ||| Stepping ~*~*~tactically~*~*~ (water).
     8 | D:1      | 8 ||| DROPPING scroll of butterflies.
     9 | D:1      | 9 ||| Stepping ~*~*~tactically~*~*~ (water).
   140 | D:1      | Reached skill level 6 in Ranged Weapons
   140 | D:1      | Reached XP level 2. HP: 16/16 MP: 4/4
   601 | D:1      | 601 ||| UPGRADING to +0 ring mail.
   611 | D:1      | 611 ||| DROPPING +0 leather armour.
   612 | D:1      | 612 ||| UPGRADING to +6 ring of strength.
   613 | D:1      | 613 ||| UPGRADING to ring of protection from fire.
   614 | D:1      | 614 ||| READING scroll labelled FEYC LYNWECHU.
   619 | D:1      | 619 ||| READING scroll labelled YSAGUPNEPS.
   720 | D:1      | 720 ||| READING scroll labelled DOSTROTHR IGAXO.
   721 | D:1      | 721 ||| DRINKING 2 golden potions.
   722 | D:1      | 722 ||| DROPPING potion of brilliance.
   755 | D:2      | Reached XP level 3. HP: 20/20 MP: 5/5
   809 | D:2      | Reached skill level 7 in Ranged Weapons
   868 | D:2      | 868 ||| Stepping ~*~*~tactically~*~*~ (outnumbered).
   876 | D:2      | Reached XP level 4. HP: 25/25 MP: 6/6
  1155 | D:2      | 1155 ||| UPGRADING to +5 ring of evasion.
  1157 | D:2      | 1157 ||| READING scroll labelled TOOHAI YMANYUD.
  1158 | D:2      | 1158 ||| READING scroll labelled LIM XA YLLU.
  1159 | D:2      | 1159 ||| READING scroll labelled ENOTAN LEHIUFO.
  1187 | D:3      | 1187 ||| PLANNING SEWER
  1322 | D:3      | Reached skill level 8 in Ranged Weapons
  1362 | D:3      | Noticed Terence
  1371 | D:3      | Killed Terence
  1372 | D:3      | Reached XP level 5. HP: 20/29 MP: 7/7
  1491 | D:3      | Found a glowing silver altar of Zin.
  1502 | D:3      | Found a faded altar of an unknown god.
  1822 | D:3      | Noticed Grinder
  1824 | D:3      | Paralysed by Grinder for 3 turns
  1845 | D:3      | Reached skill level 9 in Ranged Weapons
  1845 | D:3      | 1845 ||| FLEEEEING.
  1846 | D:3      | 1846 ||| FLEEEEING.
  1847 | D:3      | 1847 ||| FLEEEEING.
  1848 | D:3      | 1848 ||| FLEEEEING.
  1849 | D:3      | 1849 ||| FLEEEEING.
  1850 | D:3      | 1850 ||| FLEEEEING.
  1851 | D:3      | 1851 ||| FLEEEEING.
  1852 | D:3      | 1852 ||| FLEEEEING.
  1853 | D:3      | 1853 ||| FLEEEEING.
  1854 | D:3      | 1854 ||| FLEEEEING.
  1855 | D:3      | 1855 ||| FLEEEEING.
  1856 | D:3      | 1856 ||| FLEEEEING.
  1857 | D:3      | 1857 ||| FLEEEEING.
  1858 | D:3      | 1858 ||| FLEEEEING.
  1859 | D:3      | 1859 ||| FLEEEEING.
  1863 | D:3      | Killed Grinder
  1864 | D:3      | Reached skill level 3 in Fighting
  1864 | D:3      | Reached XP level 6. HP: 13/38 MP: 8/8
  1906 | D:3      | 1906 ||| RIP SEWER
  1957 | D:3      | 1957 ||| PLANNING D:1-11
  2093 | D:3      | Found an opulent altar of Gozag.
  2143 | D:3      | Reached skill level 3 in Dodging
  2348 | D:3      | 2348 ||| UPGRADING to +0 pair of gloves.
  2353 | D:3      | 2353 ||| READING 2 scrolls labelled QEDDEM ALAHID.
  2354 | D:3      | 2354 ||| READING scroll labelled CAYSOGOM URPHOI.
  2355 | D:3      | 2355 ||| DRINKING 2 fizzy puce potions.
  2355 | D:3      | Gained mutation: Potions are less effective at restoring
                  | your health. [potion of mutation]
  2355 | D:3      | Gained mutation: You expend magic power (3 MP) to
                  | strengthen your wands. [potion of mutation]
  2355 | D:3      | Gained mutation: You are weak. (Str -2) [potion of
                  | mutation]
  2355 | D:3      | Gained mutation: You have hidden genetic potential. [potion
                  | of mutation]
  2356 | D:3      | 2356 ||| DRINKING potion of mutation.
  2356 | D:3      | Lost mutation: You have hidden genetic potential. [potion
                  | of mutation]
  2356 | D:3      | Lost mutation: You expend magic power (3 MP) to strengthen
                  | your wands. [potion of mutation]
  2356 | D:3      | Gained mutation: You have sharp toenails. [potion of
                  | mutation]
  2357 | D:3      | 2357 ||| DROPPING scroll of amnesia.
  2410 | D:4      | Noticed a +0 short sword
  2410 | D:4      | Noticed a +0 falchion
  2410 | D:4      | Noticed a +0 spear
  2410 | D:4      | Noticed a +0 dagger
  2410 | D:4      | Noticed a +0 falchion
  2413 | D:4      | Found a hazy altar of Hepliaklqana.
  2432 | D:4      | Noticed a +0 spear
  2433 | D:4      | Noticed a +0 short sword
  2433 | D:4      | Noticed a +0 dagger
  2435 | D:4      | Found a hide-covered altar of Uskayaw.
  2481 | D:4      | Found Urigaiza's Antique Weapon Emporium.
  2521 | D:4      | Reached XP level 7. HP: 40/42 MP: 9/9
  2725 | D:4      | Found a staircase to the Ecumenical Temple.
  2726 | D:4      | 2726 ||| PLANNING TEMPLE
  2726 | D:4      | 2726 ||| READING 3 scrolls of identify.
  2726 | D:4      | 2726 ||| IDENTIFYING glowing white potion
  2727 | D:4      | 2727 ||| READING 2 scrolls of identify.
  2727 | D:4      | 2727 ||| IDENTIFYING orange potion
  2728 | D:4      | 2728 ||| DROPPING potion of degeneration.
  2739 | Temple   | Entered the Ecumenical Temple
  2771 | Temple   | 2771 ||| PLANNING OKAWARU WORSHIP
  2805 | Temple   | Became a worshipper of Warmaster Okawaru
  2806 | Temple   | 2806 ||| PLANNING D:1-11
  2868 | D:4      | Reached skill level 10 in Ranged Weapons
  3059 | D:5      | Entered Level 5 of the Dungeon
  3120 | D:5      | Reached skill level 1 in Armour
  3576 | D:5      | Reached skill level 11 in Ranged Weapons
  3733 | D:5      | 3733 ||| FLEEEEING.
  3734 | D:5      | 3734 ||| FLEEEEING.
  3735 | D:5      | 3735 ||| FLEEEEING.
  3736 | D:5      | 3736 ||| FLEEEEING.
  3737 | D:5      | 3737 ||| FLEEEEING.
  3738 | D:5      | 3738 ||| FLEEEEING.
  3739 | D:5      | 3739 ||| FLEEEEING.
  3740 | D:5      | 3740 ||| FLEEEEING.
  3741 | D:5      | 3741 ||| FLEEEEING.
  4001 | D:5      | 4001 ||| Stepping ~*~*~tactically~*~*~ (outnumbered).
  4220 | D:5      | 4220 ||| READING 2 scrolls labelled WONNYJ FYEZ.
  4221 | D:5      | 4221 ||| READING scroll labelled IPLALA ENLOWA.
  4222 | D:5      | 4222 ||| READING scroll labelled ZENWUYCAAF.
  4223 | D:5      | 4223 ||| READING 2 scrolls of identify.
  4223 | D:5      | 4223 ||| IDENTIFYING glowing sapphire potion
  4224 | D:5      | 4224 ||| DROPPING potion of lignification.
  4225 | D:5      | 4225 ||| DROPPING scroll of fear.
  4227 | D:5      | 4227 ||| Stepping ~*~*~tactically~*~*~ (cloud).
  4536 | D:6      | Reached XP level 8. HP: 48/48 MP: 10/10
  4621 | D:6      | Found Rypriboa's Book Boutique.
  4637 | D:6      | Found a shimmering altar of Xom.
  4701 | D:6      | Found a shimmering altar of Xom.
  4701 | D:6      | Noticed qw's ghost (novice NaHu)
  4701 | D:6      | Noticed a +1 scimitar of chaos
  4702 | D:6      | Found a runed translucent door.
  5120 | D:6      | Reached * piety under Okawaru
  5121 | D:6      | Reached skill level 12 in Ranged Weapons
  5144 | D:6      | 5144 ||| INVOKING Heroism.
  5547 | D:6      | 5547 ||| UPGRADING to amulet of faith.
  5552 | D:6      | 5552 ||| READING scroll labelled MAIHARR HENT.
  5553 | D:6      | 5553 ||| READING 2 scrolls of identify.
  5553 | D:6      | 5553 ||| IDENTIFYING inky potion
  5562 | D:7      | 5562 ||| INVOKING Heroism.
  5570 | D:7      | 5570 ||| STAIRDANCE
  5573 | D:6      | 5573 ||| INVOKING Heroism.
  5574 | D:6      | HP: 11/48 [orc warrior/+2 hand axe of flaming (9)]
  5575 | D:6      | 5575 ||| READING 3 scrolls of teleportation.
  5577 | D:6      | HP: 5/48 [centaur (5)]
  5780 | D:6      | HP: 11/48 [centaur/arrow (9)]
  5781 | D:6      | 5781 ||| READING 2 scrolls of teleportation.
  5782 | D:6      | Shot with an arrow by a centaur

Levels and vault maps discovered:
D:1:      lightli_arrival_boilingwater, layout_basic
D:2:      layout_rooms
D:3:      kennysheep_six_static_rooms, layout_loops_ring,
          pdpol_temple_overflow_zin_treasury_gozag_greed, portal_sewer_entry_d,
          ebering_ecumenical_altar_petrified, minmay_fractal_squares_gapless_5,
          uniq_grinder, uniq_terence
D:4:      black_bear_nest_2, layout_rooms, nicolae_uskayaw_en_pointe,
          lemuel_doored_altar, minmay_temple_entry_statues_fountains,
          serial_shops, nicolae_shop_overgrown_old_shop
D:5:      layout_layer_cave, small_statue_intersection
D:6:      layout_basic, mainiacjoe_overflow_boulevard, serial_shops,
          nicolae_inconvenience_store, ebering_ghost_xom
D:7:      layout_rooms, general_overflow_altar, amcnicky_altar_gilded
Temple:   nicolae_temple_x_marks_the_god

Skill      XL: |  1  2  3  4  5  6  7  8 |
---------------+-------------------------+-----
Ranged Weapons | 6 7 8 9 11 12 | 12.7
Fighting       | 3 |  3.7
Dodging        | 3 |  3.9
Armour         | 1 |  1.0
Stealth        | |  1.2

Action                     |  1- 3 |  4- 6 |  7- 9 || total
---------------------------+-------+-------+-------++-------
   Fire: Shortbow          |    85 |   147 |   219 ||   451
 Invoke: Heroism           |       |       |     3 ||     3
    Use: Scroll            |     3 |     5 |    10 ||    18
         Potion            |     1 |     2 |       ||     3
 Armour: Ring mail         |     5 |    26 |    27 ||    58
         Leather armour    |     1 |       |       ||     1
  Dodge: Dodged            |    18 |    62 |   109 ||   189

Table legend:
 A = Non-vault XP
 B = Vault XP
 C = Vault XP percentage of total XP
 D = Non-vault monster count
 E = Vault monster count
 F = Vault count percentage of total count
                 A         B        C        D         E       F
            +---------+---------+-------+---------+---------+-------
      Total |    1364 |     635 |  31.8 |     114 |      13 |  10.2
            +---------+---------+-------+---------+---------+-------
        D:1 |      27 |       0 |   0.0 |      16 |       0 |   0.0
        D:2 |     104 |       0 |   0.0 |      16 |       0 |   0.0
        D:3 |      78 |     511 |  86.8 |      29 |      12 |  29.3
        D:4 |     126 |     124 |  49.6 |      16 |       1 |   5.9
        D:5 |     437 |       0 |   0.0 |      27 |       0 |   0.0
        D:6 |     589 |       0 |   0.0 |       9 |       0 |   0.0
        D:7 |       3 |       0 |   0.0 |       1 |       0 |   0.0
            +---------+---------+-------+---------+---------+-------
